 Dungeon Crawl Stone Soup version 0.31-a0-180-g519b7de00c (webtiles) character file.

Game seed: 13239350785200230705

55 rabbitsville the Sneak (level 3, -1/26 HPs)
             Began as a Vampire Enchanter on June 19, 2023.
             Succumbed to Robin's poison
             ... on level 2 of the Dungeon.
             The game lasted 00:07:08 (798 turns).

rabbitsville the Sneak (Vampire Enchanter)           Turns: 798, Time: 00:07:09

Health: -1/26      AC: 13    Str:  9    XL:     3   Next: 67%
Magic:  6/6        EV:  7    Int: 17    God:
Gold:   84         SH:  0    Dex: 14    Spells: 6/6 levels left

rFire   x . .        a - +1 dagger
rCold   + + .        (no shield)
rNeg    . . .        j - +0 ice dragon scales
rPois   .            d - +0 helmet
rElec   .            i - +2 cloak
rCorr   .            (no gloves)
SInv    +            (no boots)
Will    .....        (no amulet)
Stlth   +            (no ring)
HPRegen 0.44/turn    (no ring)
MPRegen 0.10/turn

%: no passive effects
@: lethally poisoned (-1 -> -8), healing quickly
A: alive, fangs 3, see invisible, vampiric 2
a: Exsanguinate


You were on level 2 of the Dungeon.
You visited 1 branch of the dungeon, and saw 2 of its levels.

You collected 84 gold pieces.

Inventory:

Hand Weapons
 a - a +1 dagger (weapon)
Armour
 b - a +0 robe
 d - a +0 helmet (worn)
 i - a +2 cloak (worn)
 j - +0 ice dragon scales (worn)
 n - a scarf of resistance
Scrolls
 e - a scroll of revelation {unknown}
 h - a scroll of amnesia {unknown}
 l - a scroll of enchant weapon {unknown}
 m - a scroll of identify {unknown}
Potions
 c - 2 potions of invisibility
 f - a potion of attraction {unknown}
 g - a potion of lignification {unknown}
 k - a potion of berserk rage {unknown}


   Skills:
 + Level 1.1 Fighting
 + Level 2.4 Short Blades
 - Level 2.1 Dodging
 + Level 5.4 Stealth
 - Level 2.0 Spellcasting
 - Level 4.9 Hexes


You had 6 spell levels left.
You didn't know any spells.
Your spell library contained the following spells:

 Spells                   Type           Power      Damage    Failure   Level
 Confusing Touch          Hex            18%        N/A       71%         3
 Tukima's Dance           Hex            18%        N/A       71%         3
 Ensorcelled Hibernation  Hex/Ice        20%        N/A       82%         2
 Magic Dart               Conj           4%         1d3       95%         1
 Dazzling Flash           Conj/Hex       20%        N/A       96%         3
 Searing Ray              Conj           2%         2d4       98%         2
 Gell's Gravitas          Tloc           1%         N/A       100%        3
 Teleport Other           Tloc           1%         N/A       100%        3
 Fulminant Prism          Conj/Hex       5%         3d7       100%        4
 Dispersal                Tloc           0%         N/A       100%        6


Dungeon Overview and Level Annotations

Branches:
Dungeon (2/15)

Altars:

Annotations:
D:2 Robin


Innate Abilities, Weirdness & Mutations

Your natural rate of healing is accelerated.
You have razor-sharp teeth.
You have supernaturally acute eyesight. (SInv)
You are afflicted with vampirism and can become a bat while bloodless.


Message History

Robin hits you but does no damage. The goblin hits you but does no damage.
You barely miss Robin.
Robin is moderately wounded.
Robin hits you but does no damage.
You are poisoned.
The goblin hits you but does no damage.
You hit the goblin.
You kill the goblin!
You feel sick. Robin hits you but does no damage.
You are more poisoned.
You hit Robin but do no damage.
Robin is moderately wounded.
You feel very sick. Robin throws the goblin at you!
You feel sick.
The goblin no longer looks unusually strong.
The goblin hits you with a +1 vampiric dagger.
Keep bloodletting?
You begin bloodletting.
You continue bloodletting.
You feel sick.
The goblin no longer looks unusually strong.
The goblin hits you but does no damage.
Robin hits you with a +1 short sword of venom.
You are lethally poisoned!
You continue bloodletting.
* * * LOW HITPOINT WARNING * * *
You feel very sick. The goblin hits you but does no damage.
Robin roars a battlecry!
The goblins go into a battle-frenzy!
You continue bloodletting.
* * * LOW HITPOINT WARNING * * *
You feel very sick. The goblin hits you but does no damage.
Robin hits you but does no damage.
You continue bloodletting.
* * * LOW HITPOINT WARNING * * *
You feel very sick. The goblin hits you but does no damage.
You continue bloodletting.
You die...

.. ...#......#.# .#
.####..#.######.# #.
....<..#.##.....# ..
.......#.##.###### .
######.#.........#.#
............####.#.#####
........................
.##########.####g### .#
#.# #@# .# #.####g# ...
#.....g# .... ####g###
.... #....gg...
#...g..ggg #...g..g.g
#.....ggJ. #......gg.


You could see Robin and 3 goblins.

Vanquished Creatures
  2 adders (D:2)
  2 dart slugs (D:1)
  3 ball pythons (D:1)
  A bat (D:1)
  3 endoplasms
  A giant cockroach (D:1)
  8 goblins
  3 hobgoblins
  2 jackals (D:1)
  A quokka (D:1)
  2 kobolds
  2 rats
30 creatures vanquished.

Notes
Turn   | Place    | Note
-------+----------+-------------------------------------------
     0 | D:1      | rabbitsville the Vampire Enchanter began the quest for the
                  | Orb.
     0 | D:1      | Reached XP level 1. HP: 13/13 MP: 3/3
    64 | D:1      | Reached XP level 2. HP: 19/19 MP: 5/5
   313 | D:1      | Reached skill level 5 in Stealth
   670 | D:2      | Gained mutation: You are afflicted with vampirism and can
                  | become a bat while bloodless. [Vampire growth]
   670 | D:2      | Reached XP level 3. HP: 25/25 MP: 6/6
   758 | D:2      | Noticed Robin
   775 | D:2      | Reached skill level 1 in Fighting
   797 | D:2      | HP: 1/26 [poisoned by Robin]
   798 | D:2      | Succumbed to Robin's poison

Illustrated notes

Levels and vault maps discovered:
D:1:      giann_horns, layout_basic
D:2:      layout_basic, corexii_hall_statues_u, uniq_robin, uniq_natasha

Skill      XL: |  1  2  3 |
---------------+----------+-----
Stealth        | 5 |  5.4
Short Blades   | 2 |  2.4
Fighting       | 1 |  1.1
Dodging        | |  2.1
Spellcasting   | |  2.0
Hexes          | |  4.9

Action                     || total
---------------------------++-------
  Melee: Dagger            ||   104
         Bite              ||     9
         Punch             ||     1
Ability: Exsanguinate      ||     1
   Stab: Sleeping          ||     4
 Armour: Robe              ||     2
         Ice dragon scales ||    57
  Dodge: Dodged            ||    36

Table legend: (Time is in decaauts)
 A = Elapsed time spent in this place.
 B = Non-inter-level travel time spent in this place.
 C = Inter-level travel time spent in this place.
 D = Time resting spent in this place.
 E = Time spent auto-exploring this place.
 F = Levels seen in this place.
 G = Mean time per level.
                   A        B        C        D        E       F      G
               +--------+--------+--------+--------+--------+-----+--------+
         Total |    788 |    777 |     11 |      0 |    268 |   2 |  394.0 |
       Dungeon |    788 |    777 |     11 |      0 |    268 |   2 |  394.0 |
               +--------+--------+--------+--------+--------+-----+--------+

Top non-repeatable levels by time:
     D:1: 630 daAuts
     D:2: 157 daAuts
